AoeStats
← VLC | DafeKhan

Arena

507603288Analyzed
3v3 RM · 14d ago on Sep 19, 2026· 37m 20s· 6 players
Game mode
Random Map
Map size
Normal (6 player)
Population
200
Speed
Normal
Resources
Standard
Victory
Conquest
Starting age
Dark Age
Ending age
Imperial Age
RankedLock teamsTeams togetherTeam positionsShared explorationLock speedFull tech treeHidden civsTurbo modeCheats
Victory
Defeat
🇨🇴 Chinese · Colombia
1569
+12
🇨🇴 Malay · Colombia
1516
+14
🇨🇴 Byzantines · Colombia
1510
+15
🇲🇽 Tatars · Mexico
1556
-16
🇳🇿 Japanese · New Zealand
1506
-15
🇲🇽 Vietnamese · Mexico
1391
-10
VLC | Tithen
0:27 Loom
11:29 Feudal Age
15:13 Castle Age
13:31 Double-Bit Axe
13:27 Horse Collar
15:28 Wheelbarrow
16:08 Town Watch
18:16 Bow Saw
23:35 Gold Mining
24:29 Hand Cart
24:23 Heavy Plow
25:58 Stone Mining
26:56 Town Patrol
30:53 Imperial Age
29:38 Crossbowman
30:23 Thumb Ring
30:29 Fletching
31:51 Ballistics
31:27 Bodkin Arrow
31:11 Capped Ram
32:33 Bracer
32:37 Squires
32:38 Scale Mail Armor
32:49 Forging
32:03 Siege Ram
32:45 Elite Fire Lancer
34:28 Chain Mail Armor
35:26 Chemistry
VLC | BacTi
8:33 Loom
10:42 Feudal Age
11:21 Double-Bit Axe
12:21 Horse Collar
13:11 Fletching
21:19 Castle Age
20:02 Gold Mining
27:05 Wheelbarrow
27:02 Town Watch
29:40 Bow Saw
29:32 Heavy Plow
33:00 Imperial Age
31:57 Pikeman
32:37 Squires
33:17 Conscription
35:17 Chemistry
34:53 Forging
VLC | DafeKhan
10:52 Feudal Age
14:41 Castle Age
13:31 Double-Bit Axe
13:28 Horse Collar
15:40 Bow Saw
19:38 Wheelbarrow
23:45 Hand Cart
27:54 Imperial Age
25:11 Loom
26:27 Fletching
27:06 Bodkin Arrow
27:33 Padded Archer Armor
27:01 Crossbowman
27:49 Thumb Ring
28:53 Bracer
28:20 Arbalester
30:27 Ballistics
31:09 Scale Mail Armor
33:20 Chemistry
32:38 Chain Mail Armor
31:48 Pikeman
33:52 Halberdier
35:03 Plate Mail Armor
37:05 Hoardings
36:52 Conscription
MZTK | Orocar
10:53 Feudal Age
12:11 Loom
14:59 Castle Age
13:05 Fletching
13:55 Double-Bit Axe
13:50 Horse Collar
14:11 Horse Collar
17:35 Wheelbarrow
18:13 Bow Saw
21:35 Town Watch
27:40 Hand Cart
32:23 Imperial Age
30:36 Bodkin Arrow
30:53 Heavy Plow
31:22 Stone Mining
31:25 Gold Mining
32:50 Gold Shaft Mining
32:18 Padded Archer Armor
33:20 Ballistics
34:03 Conscription
34:20 Bracer
35:26 Leather Archer Armor
35:56 Light Cavalry
36:53 Bloodlines
36:43 Husbandry
36:55 Forging
luislm6621
7:08 Loom
10:15 Feudal Age
11:00 Town Watch
14:25 Castle Age
16:08 Double-Bit Axe
16:04 Horse Collar
20:54 Bow Saw
22:44 Gold Mining
24:03 Wheelbarrow
25:31 Heavy Plow
25:26 Stone Mining
28:55 Imperial Age
27:22 Forging
27:50 Scale Barding Armor
28:14 Bloodlines
28:06 Husbandry
29:14 Iron Casting
29:19 Chain Barding Armor
29:34 Hand Cart
33:04 Plate Barding Armor
Wouldn'tyouknow
10:47 Feudal Age
11:26 Double-Bit Axe
14:25 Castle Age
12:18 Horse Collar
18:59 Loom
20:39 Wheelbarrow
21:41 Heavy Plow
23:45 Hand Cart
25:33 Town Watch
26:23 Fletching
26:45 Gold Mining
27:38 Bodkin Arrow
27:44 Padded Archer Armor
27:54 Thumb Ring
28:11 Fortified Wall
33:49 Imperial Age
31:56 Leather Archer Armor
31:44 Husbandry
31:54 Bloodlines
34:46 Gold Shaft Mining
35:04 Ring Archer Armor
34:37 Bracer
35:12 Parthian Tactics
35:56 Ring Archer Armor
36:29 Ballistics
37:10 Chemistry
36:10 Onager
Connection lost

Rejoining the realm…

Still unreachable

The connection could not be restored.

Session expired

The server has moved on; the page needs a fresh start.